 Dungeon Crawl Stone Soup version 0.25-a0-861-g340c9e8194 (webtiles) character file.

Game seed: 1283455107744824517, levelgen mode: deterministic

45 Glorfindel the Changer (level 3, 6/15 HPs)
             Began as a Felid Transmuter on Apr 29, 2020.
             Got out of the dungeon alive.
             The game lasted 00:21:20 (3517 turns).

Glorfindel the Changer (Felid Transmuter)           Turns: 3517, Time: 00:21:20

Health: 6/15       AC:  1    Str:  6    XL:     3   Next: 42%
Magic:  7/7        EV: 18    Int: 15    God:
Gold:   130        SH:  0    Dex: 16    Spells: 0/6 levels left
                                        Lives:  0   Deaths: 1

rFire    . . .     SeeInvis +     - Unarmed
rCold    . . .     Gourm    .   (shield unavailable)
rNeg     . . .     Faith    .   (armour unavailable)
rPois    .         Spirit   .   (helmet unavailable)
rElec    .         Reflect  .   (cloak unavailable)
rCorr    .         Harm     .   (gloves unavailable)
MR       .....                  (boots unavailable)
Stlth    ++........             (no amulet)
HPRegen  0.05/turn              (no ring)
MPRegen  0.10/turn              (no ring)

@: quick
A: very small, no armour, no weapons or thrown items, stealth, claws 1, fangs 3,
see invisible, carnivore, speed 1, shaggy fur 1, slow metabolism 1, sharp paws
a: no special abilities


You escaped.
You were not hungry.

You visited 1 branch of the dungeon, and saw 4 of its levels.

You collected 130 gold pieces.

Inventory:

Missiles
 a - 32 arrows
Jewellery
 j - an uncursed ring of poison resistance {unknown}
 q - an uncursed amulet of guardian spirit {unknown}
Wands
 s - a wand of acid (7)
Scrolls
 f - a scroll of teleportation {unknown}
 g - a scroll of noise {unknown}
 k - a scroll of identify {unknown}
 l - a scroll of remove curse {unknown}
 o - a scroll of enchant weapon {unknown}
 r - a scroll of immolation {unknown}
Potions
 d - a potion of lignification {unknown}
 e - a potion of degeneration {unknown}
 h - a potion of stabbing
 i - a potion of haste {unknown}
 m - a potion of heal wounds {unknown}
 n - a potion of curing {unknown}
 p - a potion of flight {unknown}
Comestibles
 c - a ration


   Skills:
 - Level 1.0 Fighting
 - Level 2.6 Dodging
 - Level 1.0 Stealth
 - Level 3.0 Unarmed Combat
 - Level 2.0 Spellcasting
 + Level 4.3 Transmutations
 - Level 2.0 Poison Magic


You couldn't memorise any spells.
You knew the following spells:

 Your Spells              Type           Power        Failure   Level  Hunger
s - Sticks to Snakes      Tmut           ##......     6%          2    ###....
z - Beastly Appendage     Tmut           ##....       3%          1    #......
X - Spider Form           Tmut/Pois      ##........   19%         3    ###....

Your spell library contained the following spells:

 Spells                   Type           Power        Failure   Level  Hunger
 Ice Form                 Ice/Tmut       #.......     67%         4    #####..
 Blade Hands              Tmut           ##........   71%         5    ######.


Dungeon Overview and Level Annotations

Branches:
Dungeon (4/15)
 Temple: D:4-7

Altars:
Dithmenos
Uskayaw

Annotations:
D:2 exclusion: downstairs
D:3 gnoll castle; robin wand digging, exclusion: downstairs, Robin
D:4 exclusion: upstairs, Ijyb


Innate Abilities, Weirdness & Mutations

You cannot wear armour.
You are incapable of wielding weapons or throwing items.
Your paws allow you to move quietly. (Stealth)
You have sharp claws.
You have razor-sharp teeth.
You have supernaturally acute eyesight. (SInv)
You are carnivorous and can eat meat at any time.
You cover ground quickly.
You are covered in fur. (AC +1)
You have a slow metabolism.
Your sharp claws are effective at attacking unaware monsters.


Message History

You see here a jackal corpse.
There is a stone staircase leading up here.
You climb upwards.
Level annotation: exclusion: 2 downstairs
There is a stone staircase leading down here.
Unknown command.
There is an escape hatch in the ceiling here.
A mysterious force pulls you upwards. The hatch slams shut behind you.
(D) Dungeon
Where to? (Enter - D:1 @ (x,y), ? - help)
What level of the Dungeon? (default 1, ? - help)
There is an open door here.
There is an open door here.
There is an open door here.
There is an open door here.
There is an open door here.
You feel a little less mighty now.
There is a staircase leading out of the dungeon here.
Are you sure you want to leave the Dungeon?
This will make you lose the game!
You have escaped!

## ### ##########. ....
#[..##..).( ####
#####...###.....### #...
####...####.....####
..###.........###'###
#.#......@......'.+
##.###.........###'###
#....####...####.....####
#.......#####......#....###
##................#..##....
#.##..###...##.....#..##...
## #### ########..###.###..
#########.########.
#..................


There were no monsters in sight!

Vanquished Creatures
  2 leopard geckos (D:3)
  5 orcs (D:3)
  4 ball pythons
  6 bats
  2 giant cockroaches (D:1)
  9 goblins
  9 hobgoblins
  10 jackals
  4 kobolds
  7 frilled lizards
  8 rats
66 creatures vanquished.

Vanquished Creatures (collateral kills)
  2 adders (D:3)
2 creatures vanquished.

Grand Total: 68 creatures vanquished

Notes
Turn   | Place    | Note
-------+----------+-------------------------------------------
     0 | D:1      | Glorfindel the Felid Transmuter began the quest for the
                  | Orb.
     0 | D:1      | Reached XP level 1. HP: 9/9 MP: 4/4
    49 | D:1      | Reached skill level 1 in Stealth
   121 | D:1      | //better start than FeTm
   197 | D:1      | Reached XP level 2. HP: 12/12 MP: 6/6
   201 | D:1      | Learned a level 2 spell: Sticks to Snakes
   243 | D:1      | Reached skill level 3 in Transmutations
   970 | D:2      | //[abd rik]
   986 | D:2      | Reached XP level 3. HP: 15/15 MP: 5/7
   987 | D:2      | //Int
   991 | D:2      | Learned a level 3 spell: Spider Form
  1063 | D:2      | Found a shadowy altar of Dithmenos.
  1410 | D:2      | //[& -> Fw]
  1458 | D:2      | Reached skill level 1 in Poison Magic
  1582 | D:2      | //more arrows
  1718 | D:2      | Noticed a +0 dagger
  1718 | D:2      | Noticed a -2 dagger
  1721 | D:2      | Found a hide-covered altar of Uskayaw.
  2481 | D:3      | //[s alb]
  2571 | D:3      | Reached XP level 4. HP: 19/19 MP: 6/8
  2908 | D:3      | Reached skill level 4 in Transmutations
  3218 | D:3      | //wand acid
  3251 | D:3      | //gnoll pit
  3253 | D:3      | //... gnoll castle
  3370 | D:3      | Noticed Robin
  3383 | D:4      | Noticed Ijyb
  3426 | D:3      | Slain by an orc priest
  3427 | D:3      | Reached XP level 3. HP: -1/15 MP: 5/7
  3517 | D:$      | Got out of the dungeon alive.

Levels and vault maps discovered:
D:1:      elethiomel_arrival_infinity_welcomes_careful_drivers, layout_basic,
          minmay_tetromino_o2
D:2:      layout_loops_ring, dancing_weapons_uskayaw,
          grunt_dithmenos_smoke_and_mirrors
D:3:      lemuel_castle_with_subvaults [lemuel_castle_interior_carwin_1],
          layout_basic, first_ration, uniq_robin
D:4:      layout_cave_pools, serial_shops, shop, ebering_ghost_reflecting_pool,
          uniq_natasha, uniq_ijyb

Skill      XL: |  1  2  3  4 |
---------------+-------------+-----
Stealth        | 1 |  1.0
Transmutations | 3 4 |  4.3
Poison Magic   | 1 2 |  2.0
Fighting       | |  1.0
Dodging        | |  2.6
Unarmed Combat | |  3.0
Spellcasting   | |  2.0

Action                   |  1- 3 |  4- 6 || total
-------------------------+-------+-------++-------
Melee: Unarmed           |   152 |    35 ||   187
       Bite              |    16 |     2 ||    18
       Headbutt          |    15 |     3 ||    18
       Punch             |     1 |       ||     1
 Cast: Beastly Appendage |    33 |     9 ||    42
       Sticks to Snakes  |     1 |     4 ||     5
  Use: Potion            |     1 |     2 ||     3
 Stab: Sleeping          |     7 |     2 ||     9
  Eat: Chunk             |    11 |     2 ||    13
Armor: Skin              |     9 |       ||     9
Dodge: Dodged            |   107 |    24 ||   131

Table legend:
 A = Non-vault XP
 B = Vault XP
 C = Vault XP percentage of total XP
 D = Non-vault monster count
 E = Vault monster count
 F = Vault count percentage of total count
                 A         B        C        D         E       F
            +---------+---------+-------+---------+---------+-------
      Total |     134 |       4 |   2.9 |      66 |       2 |   2.9
            +---------+---------+-------+---------+---------+-------
        D:1 |      35 |       0 |   0.0 |      21 |       0 |   0.0
        D:2 |      50 |       0 |   0.0 |      32 |       0 |   0.0
        D:3 |      49 |       4 |   7.5 |      13 |       2 |  13.3
            +---------+---------+-------+---------+---------+-------
